 Dungeon Crawl Stone Soup version 0.27-a0-1378-gdefffd1ff6 (webtiles) character file.

Game seed: 8793474070769617853

9447 robertstho the Thaumaturge (level 11, -6/68 HPs)
             Began as a Djinni Fire Elementalist on June 29, 2021.
             Was an Initiate of Gozag.
             Killed by divine providence
             ... invoked by an orc priest
              (11 damage)
             ... on level 9 of the Dungeon.
             The game lasted 00:20:40 (12444 turns).

robertstho the Thaumaturge (DjFE)                  Turns: 12444, Time: 00:20:40

Health: -6/68      AC:  6    Str:  7    XL:     11   Next: 74%
Gold:   1601       EV: 28    Int: 20    God:    Gozag SH:  5 Dex: 14

rFire    + + +     SeeInvis .   x - +0 broad axe (flame)
rCold    x . .     Faith    .   g - +1 buckler {reflect}
rNeg     . . .     Spirit   .   D - +2 robe {rF+}
rPois    ∞         Reflect  +   v - +0 helmet
rElec    .         Harm     .   (no cloak)
rCorr    .         Rampage  .   G - +0 pair of gloves
Will     +....                  (boots unavailable)
Stlth    +++.......             B - amulet of the acrobat
HPRegen  0.21/turn              (no ring)
MPRegen  0.00/turn              (no ring)

@: gold aura, acrobatic, flying
A: sickness immunity, fire resistance 2, cold vulnerability 1, float, innate
caster, hp casting, extra vitality 1
a: Renounce Religion, Potion Petition, Call Merchant, Bribe Branch


You were on level 9 of the Dungeon.
You worshipped Gozag.
Gozag was most pleased with you.
You visited 2 branches of the dungeon, and saw 10 of its levels.
You also visited: Bailey.

You collected 1891 gold pieces.
You paid 290 gold pieces to Gozag.

Inventory:

Hand Weapons
 q - a +1 dagger of venom
 x - a +0 broad axe of flaming (weapon)
Missiles
 p - 2 curare-tipped darts
Armour
 g - a +1 buckler of reflection (worn)
 v - a +0 helmet (worn)
 z - a +2 leather armour of cold resistance
 D - a +2 robe of fire resistance (worn)
 G - a +0 pair of gloves (worn)
Jewellery
 i - a ring of ice
 B - an amulet of the acrobat (around neck)
Wands
 F - a wand of paralysis (8)
Scrolls
 a - a scroll of acquirement
 c - a scroll of torment {unknown}
 d - 3 scrolls of blinking {unknown}
 e - 5 scrolls of teleportation
 h - 2 scrolls of fear {unknown}
 k - a scroll of magic mapping
 m - 3 scrolls of immolation {unknown}
 n - 3 scrolls of noise {unknown}
 w - a scroll of enchant armour {unknown}
 y - a scroll of summoning {unknown}
 E - 3 scrolls of identify
 H - a scroll of fog {unknown}
 I - a scroll of silence {unknown}
Potions
 b - 2 potions of lignification
 f - a potion of mutation
 j - a potion of ambrosia {unknown}
 l - 2 potions of brilliance {unknown}
 o - 2 potions of might {unknown}
 r - a potion of attraction {unknown}
 s - 2 potions of cancellation {unknown}
 t - a potion of haste {unknown}
 A - a potion of curing {unknown}
 C - a potion of berserk rage {unknown}
Miscellaneous
 u - a tin of tremorstones (2/2)


   Skills:
 + Level 1.8 Fighting
 + Level 5.0 Dodging
 + Level 4.9 Stealth
 + Level 2.4 Shields
 + Level 12.3 Spellcasting


You had 4 spell levels left.
You knew the following spells:

 Your Spells              Type           Power      Damage    Failure   Level
a - Foxfire               Conj/Fire      100%       2x1d9     1%          1
b - Conjure Flame         Conj/Fire      57%        6-21      1%          3
c - Inner Flame           Hex/Fire       57%        N/A       1%          3
d - Sticky Flame          Conj/Fire      57%        2d7       1%          4
e - Fireball              Conj/Fire      28%        3d12      1%          5
f - Shock                 Conj/Air       100%       1d9       1%          1
g - Wereblood             Tmut           57%        N/A       1%          2
h - Ensorcelled Hibernat  Hex/Ice        100%       N/A       1%          2
i - Dispel Undead         Necr           57%        3d20      1%          4
j - Borgnjor's Vile Clut  Necr/Erth      28%        N/A       1%          5
Your spell library was empty.

Dungeon Overview and Level Annotations

Branches:
Dungeon (9/15)             Temple (1/1) D:6            Lair (0/6) D:8
 Bailey (visited)
    Orc: D:9-12

Altars:
Ashenzari
Cheibriados
Dithmenos
Elyvilon
Fedhas
Gozag
Hepliaklqana
Kikubaaqudgha
Makhleb
Nemelex Xobeh
Okawaru
Qazlal
Ru
Sif Muna
Trog
Vehumet
Wu Jian
Xom
Yredelemnul
Zin
The Shining One

Shops:
D:4 (   D:9 [


Innate Abilities, Weirdness & Mutations

You are immune to sickness and miasma.
You are immune to poison.
Your flesh is very heat resistant. (rF++)
You are vulnerable to cold. (rC-)
You float through the air rather than walking.
You learn spells naturally, not from books.
Your magical power is your life essence.
You have superior vitality. (+4 HP)


Message History

You hear a shout!
Unknown command.
Casting: Fireball (dangerous; 1% risk of failure)
Confirm with . or Enter, or press ? or * to list all spells.
Aiming: Fireball (dangerous; 1% risk of failure)
Press: ? - help, Shift-Dir - straight line, f - yak
Aim: a yak (severely wounded)
The fireball explodes!
The fireball engulfs the yak!!
You kill the yak!
* * * LOW HITPOINT WARNING * * *
Unknown command.
An orc comes into view. It is wielding a +0 club.
Casting: Fireball (dangerous; 1% risk of failure)
Confirm with . or Enter, or press ? or * to list all spells.
Aiming: Fireball (dangerous; 1% risk of failure)
Press: ? - help, Shift-Dir - straight line, f - orc
Aim: an orc, wielding a +0 club and wearing a +0 leather armour The fireball explodes!
The fireball engulfs the orc!!
You kill the orc!
* * * LOW HITPOINT WARNING * * *
An orc comes into view. It is wielding a +0 flail.
An orc is nearby!
An orc priest comes into view. It is wielding a +0 short sword.
Casting: Fireball (dangerous; 1% risk of failure)
Confirm with . or Enter, or press ? or * to list all spells.
Aiming: Fireball (dangerous; 1% risk of failure)
Press: ? - help, Shift-Dir - straight line, f - orc
Aim: an orc, wielding a +0 flail (wandering, hasn't noticed you)
The fireball explodes!
The fireball engulfs the orc!!
You kill the orc!
* * * LOW HITPOINT WARNING * * *
Unknown command.
Casting: Fireball (dangerous; 1% risk of failure)
Confirm with . or Enter, or press ? or * to list all spells.
You don't have enough health to cast this spell.
An orc warrior comes into view. It is wielding a +0 war axe.
The orc priest mumbles some strange prayers to Beogh against you.
Beogh smites you!
You die...
Your body crumbles into a pile of gold.

$ #...........#
..o.....#......)..)..
.......#............
#$.o...#...........#
#..$...#...##......#
#......#...##......#
#....$.#...##......#
#.$.$$.#...##......#
#..@.$.#...##......#
#......#...##......#
#......#...##......#
#......#...##......#
#..........##......#
#..........##......#
#.....##...##......#
#.....##...##......#
#.....##...##......#


You could see an orc warrior and an orc priest.

Vanquished Creatures
  A two-headed ogre (D:8)
  An orc knight (Bailey)
  Maurice (D:8)
  Maggie (D:6)
  A troll (D:9)
  2 hornets
  A shadow (D:9)
  A wraith (D:8)
  3 wyverns (D:8)
  16 yaks
  2 steam dragons (D:7)
  Menkaure (D:5)
  3 water moccasins (D:8)
  3 sky beasts (D:7)
  4 orc warriors
  4 black bears
  2 necrophages
  3 wolves (D:8)
  4 ogres
  A centaur (D:7)
  2 scorpions
  2 bullfrogs
  A water moccasin zombie (D:5)
  A howler monkey (D:8)
  4 wights (D:6)
  2 centaur zombies
  6 hounds
  A bullfrog zombie (D:5)
  2 jellies
  A centaur skeleton (D:6)
  5 orc priests
  A scorpion zombie (D:5)
  3 iguanas
  8 orc wizards
  2 killer bee zombies
  A hound skeleton (D:5)
  A howler monkey skeleton (D:5)
  7 adders
  10 gnolls
  An ufetubus (D:5)
  An adder skeleton (D:4)
  2 worms
  3 dart slugs
  26 orcs
  11 ball pythons
  4 endoplasms
  5 giant cockroaches
  13 goblins
  6 hobgoblins
  5 quokkas
  8 bats
  3 frilled lizards
  17 kobolds
  5 rats
225 creatures vanquished.

Vanquished Creatures (others)
  861 foxfires
  A fungus (D:8)
  10 plants (D:8)
872 creatures vanquished.

Grand Total: 1097 creatures vanquished

Notes
Turn   | Place    | Note
-------+----------+-------------------------------------------
     0 | D:1      | robertstho the Djinni Fire Elementalist began the quest for
                  | the Orb.
     0 | D:1      | Reached XP level 1. HP: 15/15 MP: 0/0
   247 | D:1      | Reached XP level 2. HP: 18/21 MP: 0/0
   465 | D:1      | Reached skill level 3 in Spellcasting
   465 | D:1      | Reached XP level 3. HP: 20/25 MP: 0/0
   465 | D:1      | Learned a level 1 spell: Shock
   986 | D:1      | Found a faded altar of an unknown god.
  1132 | D:1      | Reached XP level 4. HP: 27/31 MP: 0/0
  1734 | D:2      | You are sucked into a shaft and drop 2 floors!
  1758 | D:4      | Noticed a black bear
  1770 | D:4      | Killed a black bear
  1771 | D:4      | Reached skill level 4 in Spellcasting
  1771 | D:4      | Reached XP level 5. HP: 12/35 MP: 0/0
  1771 | D:4      | Learned a level 2 spell: Wereblood
  1988 | D:4      | Found Ataahy's Antique Weapon Boutique.
  1999 | D:4      | Noticed a black bear
  2004 | D:4      | Killed a black bear
  2005 | D:4      | Reached XP level 6. HP: 29/40 MP: 0/0
  2549 | D:3      | Reached skill level 5 in Spellcasting
  3662 | D:3      | Identified a scroll of acquirement
  3665 | D:3      | Acquired a +1 buckler of reflection
  3782 | D:4      | Noticed an ogre
  3789 | D:4      | Killed an ogre
  3790 | D:4      | Reached XP level 7. HP: 39/45 MP: 0/0
  3790 | D:4      | Learned a level 2 spell: Ensorcelled Hibernation
  3914 | D:4      | Reached skill level 1 in Shields
  4667 | D:4      | Noticed a yak
  4671 | D:4      | Noticed a yak
  4672 | D:4      | Noticed a yak
  4673 | D:4      | Killed a yak
  4683 | D:4      | Killed a yak
  4684 | D:4      | Reached skill level 6 in Spellcasting
  4684 | D:4      | Reached XP level 8. HP: 24/51 MP: 0/0
  4893 | D:4      | Killed a yak
  5196 | D:5      | Entered Level 5 of the Dungeon
  5196 | D:5      | Noticed Menkaure
  5204 | D:5      | Killed Menkaure
  5341 | D:5      | Reached skill level 7 in Spellcasting
  5468 | D:5      | Reached skill level 1 in Fighting
  5591 | D:5      | Reached XP level 9. HP: 50/57 MP: 0/0
  5591 | D:5      | Learned a level 4 spell: Dispel Undead
  5773 | D:5      | Noticed a hornet
  5958 | D:5      | Killed a hornet
  5959 | D:5      | Reached skill level 8 in Spellcasting
  6837 | D:6      | Found a staircase to the Ecumenical Temple.
  6901 | Temple   | Entered the Ecumenical Temple
  6957 | Temple   | Became a worshipper of Gozag Ym Sagoz the Greedy
  7029 | D:6      | Noticed Maggie
  7043 | D:6      | Killed Maggie
  7706 | D:6      | Reached skill level 9 in Spellcasting
  8114 | D:6      | Reached XP level 10. HP: 38/64 MP: 0/0
  8834 | D:7      | Found a flagged portal.
  8840 | Bailey   | Entered a bailey
  9145 | Bailey   | Noticed an orc knight
  9173 | Bailey   | Killed an orc knight
  9201 | Bailey   | Found an iron altar of Okawaru.
  9511 | D:7      | Reached skill level 10 in Spellcasting
 10655 | D:8      | Noticed Maurice
 10660 | D:8      | Killed Maurice
 10666 | D:8      | Reached XP level 11. HP: 22/68 MP: 0/0
 10666 | D:8      | Learned a level 5 spell: Borgnjor's Vile Clutch
 10842 | D:8      | Reached skill level 11 in Spellcasting
 11587 | D:8      | Found a staircase to the Lair.
 11756 | D:8      | Reached skill level 5 in Dodging
 11780 | D:8      | Noticed a two-headed ogre
 11783 | D:8      | Killed a two-headed ogre
 12151 | D:9      | Found Poqaqeh's Antique Armour Emporium.
 12205 | D:9      | Reached skill level 12 in Spellcasting
 12444 | D:9      | Killed from afar by an orc priest

Illustrated notes

Levels and vault maps discovered:
D:1:      dpeg_arrival_houses_and_road, layout_basic,
          ebering_ecumenical_altar_box
D:2:      layout_rooms
D:3:      layout_rooms
D:4:      layout_basic, serial_shops, shop
D:5:      layout_basic, minmay_diced_spiral, uniq_menkaure
D:6:      layout_loops_corners, minmay_temple_entry_crystal_x, uniq_maggie
D:7:      layout_gridville, enter_bailey_3, hangedman_misty_isle
D:8:      layout_loops_cross, minmay_lair_entry_grove, uniq_maurice
D:9:      layout_long_grid, serial_shops, shop
Temple:   kilobyte_greek_temple

Skill      XL: |  1  2  3  4  5  6  7  8  9 10 11 |
---------------+----------------------------------+-----
Spellcasting   | 3 4 5 6 7 9 10 12 | 12.3
Stealth        | 2 3 4 |  4.9
Shields        | 1 2 |  2.4
Dodging        | 3 4 5 |  5.0
Fighting       | 1 |  1.8

Action                   |  1- 3 |  4- 6 |  7- 9 | 10-12 || total
-------------------------+-------+-------+-------+-------++-------
Melee: Dagger            |       |       |     2 |     5 ||     7
 Cast: Foxfire           |    56 |   148 |   159 |   131 ||   494
       Sticky Flame      |       |     3 |    17 |     9 ||    29
       Fireball          |       |       |    16 |    73 ||    89
       Ensorcelled Hiber |       |       |     1 |       ||     1
       Conjure Flame     |       |       |       |     1 ||     1
       Dispel Undead     |       |       |       |     1 ||     1
Invok: Potion Petition   |       |       |       |     1 ||     1
  Use: Scroll            |       |     5 |       |     4 ||     9
Armor: Robe              |     2 |     2 |     5 |     2 ||    11
Dodge: Dodged            |     2 |     6 |    22 |     7 ||    37
Block: Buckler           |       |       |     9 |     1 ||    10

Table legend: (Time is in decaauts)
 A = Elapsed time spent in this place.
 B = Non-inter-level travel time spent in this place.
 C = Inter-level travel time spent in this place.
 D = Time resting spent in this place.
 E = Time spent auto-exploring this place.
 F = Levels seen in this place.
 G = Mean time per level.
                   A        B        C        D        E       F      G
               +--------+--------+--------+--------+--------+-----+--------+
         Total |  12450 |  12005 |    445 |   1356 |   9184 |  11 | 1131.8 |
       Dungeon |  11919 |  11514 |    405 |   1356 |   8842 |   9 | 1324.3 |
        Temple |     96 |     56 |     40 |      0 |     42 |   1 |   96.0 |
        Bailey |    434 |    434 |      0 |      0 |    300 |   1 |  434.0 |
               +--------+--------+--------+--------+--------+-----+--------+

Top non-repeatable levels by time:
     D:4: 2007 daAuts
     D:8: 1828 daAuts
     D:6: 1685 daAuts
     D:1: 1684 daAuts
     D:5: 1339 daAuts
     D:7: 1270 daAuts
     D:3: 1128 daAuts
     D:2: 660 daAuts
  Bailey: 434 daAuts
     D:9: 315 daAuts
  Temple: 96 daAuts
